 Dungeon Crawl Stone Soup version 0.29.1-15-g9cfb28693d (webtiles) character file.

Game seed: 16380790763061387263

10878 safid the Frost Mage (level 11, -1/93 HPs)
             Began as a Merfolk Ice Elementalist on Mar 31, 2023.
             Was an Initiate of Vehumet.
             Slain by a sun demon (6 damage)
             ... summoned by a kobold demonologist
             ... on level 11 of the Dungeon.
             The game lasted 00:30:55 (14181 turns).

safid the Frost Mage (Merfolk Ice Elementalist)    Turns: 14181, Time: 00:30:56

Health: -1/93      AC: 17    Str:  8      XL:     11   Next: 69%
Magic:  20/24      EV: 13    Int: 20      God:    Vehumet [......]
Gold:   1689       SH:  7    Dex: 13 (14) Spells: 18/29 levels left

rFire   + . .      SeeInvis .   s - +3 flail (protect)
rCold   + . .      Faith    .   r - +3 buckler {rPois}
rNeg    + . .      Spirit   .   i - +0 robe {rN+}
rPois   +          Reflect  .   w - +2 hat
rElec   .          Harm     .   m - +2 cloak
rCorr   .          Rampage  .   x - +2 pair of gloves
Will    .....                   (no boots)
Stlth   ++........              (no amulet)
HPRegen 0.25/turn               z - ring of protection from fire
MPRegen 0.19/turn               C - ring of protection from cold

@: under a protective aura
A: (nimble swimmer 2), mertail
a: Renounce Religion


You were on level 11 of the Dungeon.
You worshipped Vehumet.
Vehumet was noncommittal.
You visited 2 branches of the dungeon, and saw 12 of its levels.
You also visited: Sewer and Bailey.

You collected 1689 gold pieces.

Inventory:

Hand Weapons
 s - a +3 flail of protection (weapon)
Armour
 i - a +0 robe of positive energy (worn)
 m - a +2 cloak (worn)
 r - a +3 buckler of poison resistance (worn)
 w - a +2 hat (worn)
 x - a +2 pair of gloves (worn)
 y - the +6 gold dragon scales of Gluttony {rPois rF+ rC+ rN+ MP+9 Str+6}
   (You found it in a bailey)

   Str:       It affects your strength (+6).
   rF:        It protects you from fire.
   rC:        It protects you from cold.
   rPois:     It protects you from poison.
   rN:        It protects you from negative energy.
   MP:        It affects your magic capacity (+9).
Jewellery
 z - a ring of protection from fire (left hand)
 B - a ring of see invisible
 C - a ring of protection from cold (right hand)
Wands
 F - a wand of digging (4)
Scrolls
 a - 2 scrolls of blinking
 c - 10 scrolls of teleportation
 e - a scroll of silence
 g - 3 scrolls of fog
 h - a scroll of enchant armour
 j - 2 scrolls of enchant weapon
 o - 2 scrolls of summoning
 A - a scroll of fear
Potions
 b - 4 potions of magic
 d - a potion of mutation {unknown}
 f - 3 potions of invisibility {unknown}
 k - 2 potions of might
 l - a potion of flight {unknown}
 n - 2 potions of heal wounds {unknown}
 p - 2 potions of degeneration {unknown}
 q - a potion of brilliance {unknown}
 t - 3 potions of ambrosia
 u - a potion of lignification {unknown}
 v - 2 potions of resistance {unknown}
 D - a potion of curing {unknown}
Miscellaneous
 E - a tin of tremorstones (2/2)


   Skills:
 + Level 11.2 Fighting
 - Level 4.0 Dodging
 - Level 2.1 Stealth
 + Level 1.9 Shields
 + Level 9.8 Spellcasting
 + Level 12.1 Ice Magic


You had 18 spell levels left.
You knew the following spells:

 Your Spells              Type           Power      Damage    Failure   Level
a - Freeze                Ice            100%       1d11      1%          1
b - Frozen Ramparts       Ice            100%       1d16      1%          3
c - Ozocubu's Armour      Ice            55%        N/A       1%          3
d - Hailstorm             Conj/Ice       34%        3d9       8%          4

Your spell library contained the following spells:

 Spells                   Type           Power      Damage    Failure   Level
 Ensorcelled Hibernation  Hex/Ice        68%        N/A       1%          2
 Apportation              Tloc           18%        N/A       10%         1
 Necrotise                Necr           36%        1d5       10%         1
 Summon Small Mammal      Summ           36%        N/A       10%         1
 Passwall                 Tmut/Erth      7%         N/A       14%         2
 Conjure Flame            Conj/Fire      9%         6-21      28%         3
 Ignite Poison            Fire/Tmut/Pois 9%         N/A       28%         3
 Swiftness                Air            9%         N/A       28%         3
 Sticky Flame             Conj/Fire      9%         2d3       67%         4
 Fireball                 Conj/Fire      4%         3d4       95%         5
 Iskenderun's Battlesphe  Conj           9%         2d6       95%         5
 Conjure Ball Lightning   Conj/Air       4%         3x3d6     100%        6
 Orb of Destruction       Conj           4%         9d5       100%        7


Dungeon Overview and Level Annotations

Branches:
Dungeon (11/15)            Temple (1/1) D:7            Lair (0/5) D:9
    Orc (0/2) D:9           Sewer (visited)          Bailey (visited)

Altars:
Ashenzari
Cheibriados
Dithmenos
Elyvilon
Fedhas
Gozag
Hepliaklqana
Kikubaaqudgha
Makhleb
Nemelex Xobeh
Okawaru
Qazlal
Ru
Sif Muna
Trog
Uskayaw
Vehumet
Wu Jian
Xom
Yredelemnul
Zin
The Shining One

Shops:
D:3 (


Innate Abilities, Weirdness & Mutations

((You are very nimble when in or above water. (Stealth+, EV+, Speed+++)))
Your lower body shifts to a powerful aquatic tail in water.


Message History

The quasit barely misses you.
The quasit claws you but does no damage.
You block the quasit's attack.
Unknown command.
You closely miss the kobold demonologist.
The kobold demonologist is heavily wounded.
The sun demon is frozen!
The wall freezes the sun demon!
The sun demon hits you!
You are engulfed in flames!
You resist.
The quasit bites you but does no damage.
The quasit claws you but does no damage.
You block the quasit's attack.
The quasit resists.
The wall freezes the quasit.
The quasit closely misses you. The quasit barely misses you.
The quasit claws you but does no damage.
The wall freezes the smoke demon.
The smoke demon gestures at you. Something smites you!
The kobold demonologist hits you but does no damage.
The wall freezes the sun demon but does no damage.
You block the sun demon's attack. The heat melts your icy armour.
Unknown command.
Unknown command.
Unknown command.
Your icy armour and frozen ramparts will break if you move.
Continue?
Your icy armour cracks and falls away as you move.
The frozen ramparts melt away as you move.
The quasit bites you but does no damage.
You block the quasit's attack. x2; The sun demon hits you!
You are engulfed in flames!
You resist.
* * * LOW HITPOINT WARNING * * *
The quasit closely misses you. The quasit barely misses you.
The quasit misses you. You block the quasit's attack. The quasit misses you.
The quasit claws you but does no damage.
The quasit attacks as you move away! You block the quasit's attack.
The quasit barely misses you.
The quasit claws you but does no damage.
The sun demon hits you!!
* * * LOW HITPOINT WARNING * * *
You are engulfed in flames.
You resist.
You die...

####.#..#.#... .....
.......#.#..# .# .#..##
#..........# ... ....#
#.....".#..#
..#..#...###..........#
..#..#.........5K..#..#
...............55K....#
.......#.###..##3#)##.#
..............##@#.#
.....#.#.##........#
.....# #.##.########
.....###.##.#
#...........#
########<##.# ####.#
#.# #.#


You could see a sun demon (summoned), a kobold demonologist, an iron imp
(summoned), 2 quasits and a kobold.

Vanquished Creatures
  An orc warlord (Bailey)
  A tengu warrior (D:10)
  2 two-headed ogres (D:10)
  A manticore (D:7)
  A gargoyle (D:10)
  A kobold demonologist (D:11)
  2 trolls
  Sigmund (D:6)
  9 yaks (D:9)
  A wyvern (D:7)
  2 steam dragons
  2 wargs (D:9)
  Edmund (D:6)
  5 sky beasts
  14 orc warriors
  3 black bears
  An ice beast (D:6)
  7 kobold brigands
  A phantom (D:7)
  6 bullfrogs
  3 scorpions
  8 wights
  3 howler monkeys (D:7)
  4 hounds
  6 orc priests
  A jelly (D:7)
  4 iguanas
  8 orc wizards
  13 gnolls
  10 adders
  2 shadow imps (D:6)
  3 white imps (D:8)
  2 ufetubi
  6 worms
  4 dart slugs
  32 orcs
  9 endoplasms
  21 goblins
  15 hobgoblins
  2 jackals (D:1)
  A quokka (D:1)
  2 ball pythons
  8 bats
  5 frilled lizards
  14 kobolds
  6 rats
254 creatures vanquished.

Vanquished Creatures (others)
  16 fungi (D:9)
  13 plants (D:9)
29 creatures vanquished.

Grand Total: 283 creatures vanquished

Notes
Turn   | Place    | Note
-------+----------+-------------------------------------------
     0 | D:1      | safid the Merfolk Ice Elementalist began the quest for the
                  | Orb.
     0 | D:1      | Reached XP level 1. HP: 13/13 MP: 3/3
   283 | D:1      | Reached XP level 2. HP: 20/20 MP: 5/5
   532 | D:1      | Reached skill level 1 in Fighting
  1108 | D:1      | Reached XP level 3. HP: 10/26 MP: 0/6
  1816 | D:2      | Reached XP level 4. HP: 29/33 MP: 5/8
  1819 | D:2      | Reached skill level 5 in Ice Magic
  2433 | D:3      | Learned a level 3 spell: Frozen Ramparts
  2437 | D:3      | Learned a level 3 spell: Ozocubu's Armour
  2527 | D:3      | Found Kiqykhecw's Antique Weapon Shop.
  3020 | D:3      | Found a sacrificial altar of Ru.
  3321 | D:4      | Found a glowing drain.
  3334 | Sewer    | Entered a sewer
  3473 | Sewer    | Noticed a kobold brigand
  3485 | Sewer    | Reached XP level 5. HP: 27/39 MP: 5/9
  3601 | Sewer    | Killed a kobold brigand
  3922 | Sewer    | Reached XP level 6. HP: 47/47 MP: 8/11
  4077 | Sewer    | Reached skill level 6 in Ice Magic
  4166 | Sewer    | Reached XP level 7. HP: 54/54 MP: 13/13
  4610 | D:5      | Entered Level 5 of the Dungeon
  4763 | D:5      | Reached skill level 5 in Fighting
  4994 | D:5      | Reached skill level 7 in Ice Magic
  5011 | D:5      | Reached skill level 5 in Spellcasting
  5011 | D:5      | Reached XP level 8. HP: 48/62 MP: 8/15
  5744 | D:6      | Noticed Sigmund
  5979 | D:6      | Noticed Edmund
  5989 | D:6      | Killed Edmund
  6114 | D:6      | Killed Sigmund
  6115 | D:6      | Reached skill level 8 in Ice Magic
  6338 | D:6      | Reached XP level 9. HP: 65/72 MP: 14/18
  7263 | D:7      | Found a staircase to the Ecumenical Temple.
  7382 | D:7      | Reached skill level 9 in Ice Magic
  8057 | D:7      | Noticed a troll
  8064 | D:7      | Killed a troll
  8297 | D:7      | Noticed a manticore
  8304 | D:7      | Killed a manticore
  8305 | D:7      | Reached XP level 10. HP: 46/82 MP: 14/21
  8997 | D:8      | Reached skill level 10 in Ice Magic
  9952 | Temple   | Entered the Ecumenical Temple
 10603 | D:9      | Found a staircase to the Orcish Mines.
 10956 | D:9      | Reached skill level 10 in Fighting
 10956 | D:9      | Reached skill level 11 in Ice Magic
 11338 | D:9      | Reached XP level 11. HP: 90/91 MP: 17/23
 11497 | D:9      | Found a staircase to the Lair.
 11659 | D:10     | Entered Level 10 of the Dungeon
 11673 | D:10     | Found a flagged portal.
 11701 | Bailey   | Entered a bailey
 11941 | Bailey   | Learned a level 4 spell: Hailstorm
 12399 | Bailey   | Noticed an orc warlord
 12416 | Bailey   | Killed an orc warlord
 12784 | Bailey   | Identified the +6 gold dragon scales of Gluttony {rPois rF+
                  | rC+ rN+ MP+9 Str+6}
 12806 | Bailey   | Acquired 972 gold pieces
 12916 | D:10     | Noticed a tengu warrior
 12927 | D:10     | Killed a tengu warrior
 13163 | D:10     | Noticed a two-headed ogre
 13172 | D:10     | HP: 2/93 [two-headed ogre/+0 giant club (29)]
 13174 | D:10     | Killed a two-headed ogre
 13175 | D:10     | Reached skill level 1 in Shields
 13175 | D:10     | Reached skill level 12 in Ice Magic
 13607 | D:10     | Found a bloodstained altar of Trog.
 13626 | D:10     | Found a stormy altar of Qazlal.
 13762 | D:10     | Noticed a two-headed ogre
 13771 | D:10     | Killed a two-headed ogre
 13954 | D:10     | Found a radiant altar of Vehumet.
 13957 | D:10     | Became a worshipper of Vehumet
 14174 | D:11     | Noticed a sun demon
 14181 | D:11     | Slain by a sun demon

Illustrated notes

Levels and vault maps discovered:
D:1:      evilmike_arrival_fibonacci_small, layout_basic
D:2:      layout_basic
D:3:      layout_basic, nicolae_ru_path_of_blood, serial_shops, shop
D:4:      layout_cave_pools, cheibrodos_sewer_entry_sluice
D:5:      layout_cave_pools, kennysheep_decorative_pillar
D:6:      layout_layer_cave, st_stairs_10, uniq_edmund, uniq_sigmund
D:7:      layout_basic, minmay_temple_entry_from_below_a
D:8:      layout_loops_cross
D:9:      layout_cave_pools, grunt_lair_entry_orc_guard_hut, david_orc_3,
          lemuel_flame_loot_1
D:10:     layout_loops_ring, kennysheep_mini, nicolae_qazlal_scattered_showers,
          mainiacjoe_overflow_concentric_impassable,
          lightli_bailey_entry_fortress
D:11:     layout_basic, vehumet_altar_wand_db
Temple:   regret_index_temple_mists

Skill      XL: |  1  2  3  4  5  6  7  8  9 10 11 |
---------------+----------------------------------+-----
Fighting       | 1 2 3 4 5 7 8 10 11 | 11.2
Ice Magic      | 5 6 7 8 9 11 12 | 12.1
Spellcasting   | 3 4 5 6 7 8 9 |  9.8
Dodging        | 4 |  4.0
Shields        | 1 |  1.9
Stealth        | |  2.1

Action                   |  1- 3 |  4- 6 |  7- 9 | 10-12 || total
-------------------------+-------+-------+-------+-------++-------
Melee: Unarmed           |     5 |       |       |       ||     5
       Hand axe          |    25 |     8 |       |       ||    33
       Long sword        |       |    65 |    57 |       ||   122
       Punch             |       |     3 |     3 |     2 ||     8
       Tailslap          |       |     7 |     4 |     1 ||    12
       Flail             |       |       |    74 |   198 ||   272
 Cast: Freeze            |    37 |    34 |    33 |    34 ||   138
       Frozen Ramparts   |       |     3 |    29 |    52 ||    84
       Ozocubu's Armour  |       |     1 |    22 |    34 ||    57
       Hailstorm         |       |       |       |     2 ||     2
  Use: Scroll            |       |       |     7 |    13 ||    20
       Potion            |       |       |       |     2 ||     2
 Stab: Sleeping          |     2 |     8 |     2 |       ||    12
Armor: Robe              |    15 |    27 |   106 |   140 ||   288
Dodge: Dodged            |    32 |    58 |   130 |   210 ||   430
Block: Buckler           |       |       |       |    19 ||    19
